 Dungeon Crawl Stone Soup version 0.30-a0-627-gc11e7ae810 (webtiles) character file.

Game seed: 13999134413492503571

616 Decipherer the Cudgeller (level 7, 0/62 HPs)
             Began as a Minotaur Berserker on Jan 12, 2023.
             Was a Believer of Trog.
             Slain by a goblin
             ... wielding a +0 club
             ... led by Robin
              (6 damage)
             ... on level 4 of the Dungeon.
             The game lasted 00:04:23 (2423 turns).

Decipherer the Cudgeller (Minotaur Berserker)       Turns: 2423, Time: 00:04:24

Health: 0/62       AC:  4    Str: 24    XL:     7   Next: 21%
Magic:  6/6        EV: 12    Int:  4    God:    Trog [**....]
Gold:   141        SH:  0    Dex:  9    Spells: 6/6 levels left

rFire   . . .      SeeInvis .    a - +0 mace
rCold   . . .      Faith    .    (no shield)
rNeg    . . .      Spirit   .    b - +0 animal skin
rPois   .          Reflect  .    (helmet restricted)
rElec   .          Harm     .    h - +0 cloak
rCorr   .          Rampage  .    (no gloves)
Will    .....                    p - +0 pair of boots
Stlth   +                        (no amulet)
HPRegen 0.30/turn                (no ring)
MPRegen 0.10/turn                (no ring)

@: on berserk cooldown, slowed, very slow
A: horns 2, retaliatory headbutt
a: Renounce Religion, Berserk, Trog's Hand


You were on level 4 of the Dungeon.
You worshipped Trog.
Trog was pleased with you.
You visited 1 branch of the dungeon, and saw 4 of its levels.

You collected 141 gold pieces.

Inventory:

Hand Weapons
 a - a +0 mace (weapon)
Missiles
 l - 2 poisoned darts
Armour
 b - a +0 animal skin (worn)
 h - a +0 cloak (worn)
 p - a +0 pair of boots (worn)
Wands
 k - a wand of polymorph (1)
Scrolls
 c - 4 scrolls of poison {unknown}
 e - a scroll of identify {unknown}
 i - a scroll of vulnerability {unknown}
 j - 3 scrolls of amnesia {unknown}
 n - a scroll of immolation {unknown}
 q - a scroll of fear {unknown}
Potions
 d - a potion of flight {unknown}
 f - 4 potions of curing {unknown}
 g - a potion of haste {unknown}
 m - a potion of degeneration {unknown}


   Skills:
 + Level 5.9 Fighting
 + Level 7.6 Maces & Flails
 + Level 3.1 Armour
 + Level 3.8 Dodging
 + Level 1.0 Stealth


You had 6 spell levels left.
You didn't know any spells.
Your spell library contained the following spells:

 Spells                   Type           Power      Damage    Failure   Level
 Slow                     Hex            0%         N/A       50%         1
 Confusing Touch          Hex            0%         N/A       86%         3
 Vampiric Draining        Necr           0%         2d6       86%         3


Dungeon Overview and Level Annotations

Branches:
Dungeon (4/15)
 Temple: D:4-7

Altars:
Nemelex Xobeh
Okawaru

Shops:
D:2 =   D:3 !

Annotations:
D:4 3 runed translucent doors, Pikel; xsansara's ghost, novice GrEE


Innate Abilities, Weirdness & Mutations

You have a pair of horns on your head.
You reflexively headbutt those who attack you in melee.


Message History

The hobgoblin hits you. The goblin hits you with a +0 club.
You hit the lemure. Your headbutt misses the lemure.
The lemure is severely wounded.
You are no longer berserk.
You are exhausted.
You feel yourself slow down. The jackal barely misses you.
The lemure closely misses you. The goblin hits you but does no damage.
The hobgoblin barely misses you. You furiously retaliate!
You headbutt the hobgoblin!
You kill the hobgoblin!
Trog accepts your kill.
You barely miss the lemure.
The lemure is severely wounded.
The jackal barely misses you. The scorpion stings you. The lemure hits you.
The goblin hits you with a +0 club. x2; The scorpion barely misses you.
You closely miss the lemure. Your headbutt misses the lemure.
The lemure is severely wounded.
The goblin no longer looks unusually strong. x2
The jackal closely misses you. The lemure hits you.
* * * LOW HITPOINT WARNING * * *
The scorpion stings you.
* * * LOW HITPOINT WARNING * * *
The goblin barely misses you.
Xsansara's ghost whispers, "Soon you will have time, lots of time..."
The goblin barely misses you. You furiously retaliate!
You headbutt the goblin. The jackal barely misses you. You furiously retaliate!
You headbutt the jackal, but do no damage.
The lemure misses you. The scorpion closely misses you.
You furiously retaliate!
You headbutt the scorpion. The goblin hits you with a +0 club.
* * * LOW HITPOINT WARNING * * *
The goblin misses you.
You sock the lemure!
You kill the lemure!
That felt strangely unrewarding.
The jackal bites you.
* * * LOW HITPOINT WARNING * * *
The scorpion closely misses you. You furiously retaliate!
You headbutt the scorpion! The goblin hits you but does no damage.
The goblin hits you with a +0 club.
You die...

#.#<...#
#######.#.#..#
#.#.#.#.#....#
#.....#..###.#
##....+......#
#.!...+...####.#
##$..Z+g.).....#
#....Z#sg.....##
#.#.#W#@gg..>....
#######hgg..#####


hggg..# .K........ ........... ......#..... .......#..... ........#..... You
could see Pikel, a scorpion, xsansara's ghost, a hornet zombie, 2 jackals, 2
hobgoblins, 7 goblins and a bullfrog skeleton.

Vanquished Creatures
  Sigmund (D:2)
  4 lemures (D:4)
  A phantom (D:3)
  A necrophage (D:2)
  2 scorpions (D:4)
  Terence (D:2)
  An iguana (D:2)
  Robin (D:4)
  7 adders
  3 worms
  2 dart slugs
  3 orcs (D:4)
  4 ball pythons
  8 bats
  6 endoplasms
  13 giant cockroaches
  7 goblins
  8 hobgoblins
  A quokka (D:3)
  3 frilled lizards
  3 kobolds
  2 rats
82 creatures vanquished.

Notes
Turn   | Place    | Note
-------+----------+-------------------------------------------
     0 | D:1      | Decipherer the Minotaur Berserker began the quest for the
                  | Orb.
     0 | D:1      | Reached XP level 1. HP: 19/19 MP: 0/0
     1 | D:1      | Noticed a ghoul
     1 | D:1      | Noticed a gargoyle
    18 | D:1      | Noticed a dwarf
   175 | D:1      | Reached XP level 2. HP: 27/27 MP: 1/1
   189 | D:1      | Reached skill level 4 in Maces & Flails
   556 | D:2      | Noticed a necrophage
   566 | D:2      | Killed a necrophage
   567 | D:2      | Reached skill level 5 in Maces & Flails
   567 | D:2      | Reached XP level 3. HP: 17/34 MP: 2/2
   567 | D:2      | Reached XP level 4. HP: 20/41 MP: 3/3
   710 | D:2      | Noticed Sigmund
   718 | D:2      | Killed Sigmund
   719 | D:2      | Reached skill level 5 in Fighting
   719 | D:2      | Reached skill level 6 in Maces & Flails
   719 | D:2      | Reached XP level 5. HP: 48/48 MP: 4/4
   803 | D:2      | Reached XP level 6. HP: 53/56 MP: 5/5
   931 | D:2      | Found Path's Jewellery Emporium.
  1064 | D:2      | Reached ** piety under Trog
  1209 | D:2      | Noticed Terence
  1218 | D:2      | Killed Terence
  1606 | D:3      | Found Cuipn's Distillery.
  1678 | D:3      | Reached skill level 7 in Maces & Flails
  1871 | D:3      | Found a sparkling altar of Nemelex Xobeh.
  1874 | D:3      | Found an iron altar of Okawaru.
  2088 | D:3      | Found a faded altar of an unknown god.
  2131 | D:4      | Found a runed translucent gate.
  2132 | D:4      | Found a runed translucent gate.
  2153 | D:4      | Reached skill level 1 in Stealth
  2153 | D:4      | Reached XP level 7. HP: 23/62 MP: 6/6
  2302 | D:4      | Found a runed translucent gate.
  2394 | D:4      | Noticed xsansara's ghost (novice GrEE)
  2400 | D:4      | Noticed Robin
  2401 | D:4      | Noticed Pikel
  2415 | D:4      | Killed Robin
  2423 | D:4      | Slain by a goblin

Illustrated notes

Levels and vault maps discovered:
D:1:      shiori_arrival_whats_in_store_for_you, layout_basic,
          serial_bayou_pond_c
D:2:      minmay_chambers_of_ones, layout_basic, serial_shops,
          nicolae_lakefront_shop, hex_medium, minmay_diced_spiral, uniq_sigmund,
          uniq_terence
D:3:      minmay_roachtagon, layout_basic, nicolae_overflow_squiral,
          hellmonk_ecumenical_altar_crossroads, serial_shops, nicolae_shop_stone
D:4:      layout_basic, gammafunk_ghost_necromancy, uniq_robin, uniq_pikel

Skill      XL: |  1  2  3  4  5  6 |
---------------+-------------------+-----
Fighting       | 4 5 |  5.9
Maces & Flails | 5 6 7 |  7.6
Armour         | 3 |  3.1
Dodging        | 3 |  3.8
Stealth        | 1 |  1.0

Action                   |  1- 3 |  4- 6 |  7- 9 || total
-------------------------+-------+-------+-------++-------
Melee: Mace              |    27 |   136 |    24 ||   187
       Headbutt          |     2 |    17 |     3 ||    22
Invok: Berserk           |       |     1 |     1 ||     2
 Stab: Sleeping          |       |     1 |       ||     1
Armor: Animal skin       |     5 |    31 |     7 ||    43
Dodge: Dodged            |    24 |    83 |    32 ||   139

Table legend: (Time is in decaauts)
 A = Elapsed time spent in this place.
 B = Non-inter-level travel time spent in this place.
 C = Inter-level travel time spent in this place.
 D = Time resting spent in this place.
 E = Time spent auto-exploring this place.
 F = Levels seen in this place.
 G = Mean time per level.
                   A        B        C        D        E       F      G
               +--------+--------+--------+--------+--------+-----+--------+
         Total |   2448 |   2404 |     44 |      0 |   1956 |   4 |  612.0 |
       Dungeon |   2448 |   2404 |     44 |      0 |   1956 |   4 |  612.0 |
               +--------+--------+--------+--------+--------+-----+--------+

Top non-repeatable levels by time:
     D:2: 928 daAuts
     D:3: 709 daAuts
     D:1: 520 daAuts
     D:4: 290 daAuts
